 Dungeon Crawl Stone Soup version 0.20.0-10-g0535bb4 (webtiles) character file.

673392 Lavandula the Phalangite (level 27, -1/210 HPs)
             Began as a Merfolk Gladiator on June 5, 2017.
             Was an Initiate of Gozag.
             Slain by an infernal warmonger
             ... wielding a +1 glaive of chopping
              (6 damage)
             ... in Pandemonium on June 6, 2017.
             The game lasted 06:46:28 (91698 turns).

Lavandula the Phalangite (Merfolk Gladiator)       Turns: 91698, Time: 06:46:29

Health: -1/210     AC: 28    Str: 14    XL:     27
Magic:  0/45       EV: 32    Int: 13    God:    Gozag
Gold:   2671       SH:  0    Dex: 23    Spells: 5/54 levels left

rFire    + + +     SeeInvis +   G - +6 bardiche (freeze)
rCold    + . .     Gourm    .   (shield currently unavailable)
rNeg     + . .     Faith    .   (armour currently unavailable)
rPois    ∞         Spirit   +   c - +0 Maxwell's etheric cage {RegenMP+ *Contam rElec MP+4}
rElec    +         Reflect  .   R - +2 cloak {MR+}
rCorr    .         Harm     .   (gloves currently unavailable)
MR       ++++.     Rnd*Tele +   (boots currently unavailable)
Stlth    +++++.....             I - amulet "Meuzokk" {Spirit rF+ MR+}
Regen    1.5/turn               h - ring "Raponig" {rPois Str+2 Int-2 Dex+2 SInv}
MPRegen  0.3/turn               N - ring "Moaskoas" {Wiz rElec rF+++ Str-4}

@: statue-form, horrified, regenerating, deflect missiles, very slow
A: (change form in water), (swift swim), (stealthy swim), claws 1, thin skeletal
structure 1, blurry vision 1, clumsy 1, cold resistance 1, frail 3, screaming 1,
strong 1, teleportitis 1, evolution 1, inability to use devices, cowardly,
inability to train armour, unskilled 1
}: 5/15 runes: barnacled, slimy, silver, abyssal, gossamer
a: End Transformation, Potion Petition, Call Merchant, Bribe Branch, Renounce
Religion


You were in Pandemonium.
You worshipped Gozag.
Gozag was most pleased with you.
You were hungry.
You were a stone statue.
You visited 11 branches of the dungeon, and saw 51 of its levels.
You visited Pandemonium 2 times, and saw 5 of its levels.
You visited the Abyss 3 times.
You also visited: Labyrinth, Trove and Ice Cave.

You collected 27059 gold pieces.
You spent 7117 gold pieces at shops.
You paid 17271 gold pieces to Gozag.

Inventory:

Hand Weapons
 G - a +6 bardiche of freezing (weapon)
 W - a +5 glaive of flaming
Missiles
 d - 7 throwing nets
 M - 31 javelins of returning (quivered)
Armour
 a - a +2 pair of boots of stealth (melded)
 c - the +0 Maxwell's etheric cage (worn) {RegenMP+ *Contam rElec MP+4}
   (You found it on level 3 of the Elven Halls)

   It insulates you from electricity.
   It affects your magic capacity (+4).
   It causes magical contamination when unequipped.
 y - a +4 troll leather armour (melded)
 F - a +2 pair of gloves of dexterity (melded)
 R - a +2 cloak of magic resistance (worn)
Jewellery
 h - the ring "Raponig" (left claw) {rPois Str+2 Int-2 Dex+2 SInv}
   (You found it on level 2 of the Lair of Beasts)

   [ring of dexterity]

   It affects your strength (+2).
   It affects your intelligence (-2).
   It affects your dexterity (+2).
   It protects you from poison.
   It lets you see invisible.
 n - an uncursed ring of resist corrosion
 B - the ring of Temperance {rC+ MR+ MP+9}
   (You found it on level 2 of the Lair of Beasts)

   [ring of magical power]

   It protects you from cold.
   It affects your resistance to hostile enchantments.
   It affects your magic capacity (+9).
 I - the amulet "Meuzokk" (around neck) {Spirit rF+ MR+}
   (You bought it in a shop on level 15 of the Dungeon)

   [amulet of guardian spirit]

   It causes incoming damage to be split between your health and magic.
   It protects you from fire.
   It affects your resistance to hostile enchantments.
 N - the ring "Moaskoas" (right claw) {Wiz rElec rF+++ Str-4}
   (You bought it in a shop on level 15 of the Dungeon)

   [ring of wizardry]

   It improves your spell success rate.
   It affects your strength (-4).
   It renders you almost immune to fire.
   It insulates you from electricity.
Scrolls
 b - a scroll of fear
 f - 9 scrolls of amnesia
 g - 3 scrolls of magic mapping
 i - a scroll of enchant weapon
 k - 4 scrolls of blinking
 l - 23 scrolls of remove curse
 t - 11 scrolls of teleportation
 A - 7 scrolls of fog
 L - 27 scrolls of identify
 P - 5 scrolls of holy word
 V - 3 scrolls of silence
Potions
 e - 2 potions of agility
 j - 19 potions of curing
 m - 2 potions of haste
 o - 8 potions of heal wounds
 p - 3 potions of cancellation
 r - a potion of invisibility
 s - 2 potions of might
 u - 2 potions of berserk rage
 v - 4 potions of resistance
 E - 11 potions of brilliance
 Q - 4 potions of ambrosia
 U - 2 potions of magic
Comestibles
 q - 17 fruits
 w - 11 meat rations
 x - a bread ration


   Skills:
 - Level 22.3 Fighting
 - Level 26.0 Polearms
   Level 2.7 Bows
 - Level 4.9 Throwing
 - Level 21.3 Dodging
 - Level 8.9 Stealth
 - Level 14.0 Spellcasting
 - Level 10.8 Conjurations
 - Level 4.8 Hexes
 - Level 10.0 Charms
 + Level 10.8 Summonings
 - Level 6.8 Necromancy
 - Level 2.1 Translocations
 - Level 14.8 Transmutations
 - Level 7.8 Air Magic
 - Level 8.7 Earth Magic


You had 5 spell levels left.
You knew the following spells:

 Your Spells              Type           Power        Failure   Level  Hunger
a - Summon Hydra          Summ           ####......   26%         7    #######
b - Deflect Missiles      Chrm/Air       ###.......   12%         6    ######.
c - Statue Form           Tmut/Erth      ####.....    3%          6    ######.
d - Swiftness             Chrm/Air       ###.....     1%          2    None
e - Passwall              Tmut/Erth      ####......   1%          2    None
f - Summon Lightning Spi  Summ/Air       ####....     1%          4    ###....
g - Apportation           Tloc           ##....       1%          1    None
h - Regeneration          Chrm/Necr      ###.......   1%          3    None
i - Control Undead        Necr           ###.......   1%          4    ###....
j - Irradiate             Conj/Tmut      ####......   1%          5    #####..
k - Blink                 Tloc           N/A          1%          2    None
l - Mephitic Cloud        Conj/Pois/Air  ###.....     1%          3    None
m - Summon Butterflies    Summ           ####....     1%          1    None
n - Spectral Weapon       Hex/Chrm       ###.....     1%          3    None


Dungeon Overview and Level Annotations

Branches:
Dungeon (15/15)            Temple (1/1) D:6            Lair (6/6) D:10
 Shoals (4/4) Lair:4       Spider (4/4) Lair:3        Slime (5/5) Lair:5
    Orc (2/2) D:12            Elf (3/3) Orc:2        Vaults (5/5) D:14
  Crypt (0/3) Vaults:3     Depths (5/5) D:15           Hell (1/1)
    Dis (0/7) Hell            Coc (0/7) Hell            Tar (0/7) Hell
    Zot (0/5) Depths:5
    Geh: Hell:1

Altars:
Ashenzari
Cheibriados
Dithmenos
Elyvilon
Fedhas
Gozag
Hepliaklqana
Kikubaaqudgha
Makhleb
Nemelex Xobeh
Okawaru
Qazlal
Ru
Sif Muna
Trog
Uskayaw
Vehumet
Xom
Yredelemnul
Zin
The Shining One
Beogh
Jiyva
Lugonu

Shops:
D:4 ?   D:10 =   D:13 =   D:15 =   Orc:1 (   Orc:2 !=*=   Elf:1 :   Elf:2 =
Elf:3 [*   Lair:1 :*[*[   Shoals:3 =(   Vaults:2 (   Vaults:4 *   Vaults:5 (
Hell !   Depths:3 ?[

Portals:
Hell: Depths:1 Depths:2 Depths:3 Depths:4 Depths:5
Abyss: Depths:1 Depths:4 Depths:5
Pandemonium: Depths:1 Depths:3 Depths:5
Ziggurat: Depths:4

Annotations:
D:15 Nightblair's ghost, adept MfGl
Lair:6 exclusion: 2 oklob plants
Slime:5 Dissolution
Orc:1 Snorg
Elf:2 3 runed doors, exclusion: 4 doors
Vaults:1 Mara


Innate Abilities, Weirdness & Mutations

((You revert to your normal form in water.))
((You are very nimble and swift while swimming.))
((You are very stealthy in the water. (Stealth+)))
You occasionally shout uncontrollably at your foes.
You cannot study or use magical devices.
Your cowardice makes you less effective in combat with threatening monsters.
You cannot train Armour skill.
You are somewhat unskilled. (-1 Apt)
You have sharp fingernails.
((You are partially covered in iridescent scales. (AC +2)))
You have a somewhat thin skeletal structure. (Dex +2, Stealth)
((You are partially covered in yellow scales. (AC +2)))
Scrolls take you a little longer to read.
You are clumsy. (Dex -2)
Your flesh is cold resistant. (rC+)
You are extremely frail. (-30% HP)
Your muscles are strong. (Str +2)
You are occasionally teleported next to monsters.
You evolve.


Message History

You are feeling hungry.
Your surroundings suddenly seem different.
The gelid warmonger hits you with a runed demon blade!!
* * * LOW HITPOINT WARNING * * *
A gelid demonspawn comes into view. It is wielding a dire flail.
The gelid demonspawn shouts!
The monstrous corrupter shouts!
An infernal warmonger comes into view. It is wielding a glaive of chopping.
The infernal warmonger shouts!
You feel a twist of horror at the sight of this foe.
A gelid warmonger comes into view. It is wielding a demon blade of venom.
Casting: Deflect Missiles
Confirm with . or Enter, or press ? or * to list all spells.
You blink.
You hear a shout!
The infernal warmonger hits you from afar with a glaive of chopping!!
* * * LOW HITPOINT WARNING * * *
You are engulfed in flames.
You resist.
* * * LOW HITPOINT WARNING * * *
You die...
Your body crumbles into a pile of gold.

..........W.
...###..#.(#..
........##.#.6
......#.##....
..###.#.##.##.
# #. #∩......
#. #. #..#####
#.##.####
.........
##...6.8.#
..#!#####
#......6.### ..
.# #
#......6... ...
###......######
...
#....X.......
###
#...6........ #
#............
#......######
#......#


You could see 2 demonspawn, a monstrous corrupter, a gelid demonspawn and a
large abomination.

Vanquished Creatures
  the Royal Jelly (Slime:5)
  3 juggernauts (Depths:5)
  Boris (Vaults:3)
  Margery (Vaults:3)
  Frederick (Vaults:3)
  Saint Roka (Orc:2)
  A caustic shrike (Depths:5)
  Xtahua (Vaults:3)
  Geryon (Hell)
  9 golden dragons
  the Enchantress (Depths:5)
  Nikola (Elf:2)
  Arachne (Spider:2)
  5 liches
  7 tentacled monstrosities
  A hellephant (Hell)
  Rupert (Orc:2)
  An Ice Fiend (IceCv)
  2 deep elf blademasters (Elf:3)
  3 deep elf master archers (Elf:3)
  20 acid blobs
  2 quicksilver dragons
  An acid blob (shapeshifter) (Vaults:1)
  11 sphinxes
  3 tentacled starspawn
  2 ancient champions
  6 titans
  3 Executioners (Pan)
  5 storm dragons
  5 tengu reavers
  A draconian monk (Depths:5)
  The ghost of sreda the Severer, an adept MiFi of Uskayaw (Depths:1)
  2 shadow dragons
  Donald (Vaults:1)
  12 azure jellies
  11 deep elf sorcerers
  15 fire giants
  6 iron dragons
  21 frost giants
  8 ghost moths
  An orc warlord (Vaults:1)
  5 cacodemons
  7 emperor scorpions
  17 vault wardens
  A balrug (Pan)
  2 reapers
  2 war gargoyles
  2 deep elf elementalists (Elf:3)
  13 ironheart preservers
  4 warmongers (Pan)
  A blood saint (Pan)
  24 very ugly things
  4 spriggan defenders
  25 stone giants
  A corrupter (Pan)
  6 entropy weavers
  6 deep elf demonologists
  9 spark wasps
  4 vampire knights
  2 lorocyprocas (Pan)
  The ghost of DrakieV the Cleaver, a journeyman HOBe of Trog (Orc:2)
  4 merfolk javelineers
  3 deep elf annihilators (Elf:3)
  8 deep elf death magi
  6 blizzard demons
  An ettin (shapeshifter) (Abyss:3)
  6 jiangshi
  13 ettins
  3 merfolk impalers
  6 death oozes
  11 fire dragons
  3 green deaths
  Josephine (Orc:2)
  A minotaur (Lab)
  A fire dragon (shapeshifter) (D:15)
  15 yaktaur captains
  6 deep elf high priests
  25 great orbs of eyes
  A quicksilver dragon skeleton (Abyss:2)
  9 rakshasas
  Erolcha (D:13)
  3 hell beasts (Pan)
  10 hydras
  13 vault guards
  A great orb of eyes (shapeshifter) (Vaults:1)
  4 spriggan air magi
  4 death knights
  2 monstrous demonspawn (Pan)
  14 ice dragons
  3 merfolk avatars
  3 alligator snapping turtles
  An anaconda (shapeshifter) (Depths:2)
  7 merfolk aquamancers
  20 ogre magi
  A catoblepas (Lair:6)
  2 dancing weapons
  5 tengu warriors
  13 centaur warriors
  61 two-headed ogres
  A death yak (shapeshifter) (Depths:2)
  A satyr (Shoals:3)
  A queen ant (Spider:4)
  14 deep troll shamans
  2 vampire magi
  14 deep troll earth magi
  3 death yaks
  5 orc high priests (Orc:2)
  3 thrashing horrors (Abyss:2)
  Urug (Orc:1)
  Sonja (D:13)
  9 spriggan berserkers
  3 soul eaters
  A titan skeleton (Hell)
  2 fire crabs
  13 hell knights
  10 deep elf knights
  14 sun demons
  12 wretched stars
  2 shadow wraiths
  A spatial maelstrom (Abyss:2)
  5 sixfirhies
  12 sea snakes
  4 glowing orange brains
  27 skeletal warriors
  5 iron trolls
  5 unseen horrors
  An unseen horror (shapeshifter) (D:14)
  7 wizards
  41 deep trolls
  A shadow dragon zombie (Hell)
  2 torturous demonspawn (Pan)
  2 flayed ghosts (Depths:5)
  17 deep elf archers
  2 gelid demonspawn (Pan)
  11 ironbrand convokers
  4 phantasmal warriors
  2 infernal demonspawn (Pan)
  A shadow demon (Pan)
  2 lindwurms (Lair:6)
  16 orc knights
  An anaconda skeleton (Abyss:2)
  5 necromancers
  22 harpies
  12 fauns
  4 shining eyes
  53 deep elf magi
  A shadow dragon skeleton (Hell)
  A mana viper (shapeshifter) (Vaults:3)
  12 orb spiders
  40 ugly things
  13 manticores
  A shining eye (shapeshifter) (Depths:5)
  8 orc sorcerers
  34 wolf spiders
  A salamander (shapeshifter) (Depths:3)
  A manticore (shapeshifter) (Depths:3)
  3 moths of wrath
  9 cyclopes
  15 vault sentinels
  4 black mambas
  An elephant (shapeshifter) (Depths:3)
  2 black mambas (shapeshifter)
  A water nymph (shapeshifter) (Depths:5)
  10 merfolk sirens
  9 elephants
  A rust devil (Pan)
  3 centaur zombies
  3 molten gargoyles
  5 ice statues
  2 water nymphs
  A torpor snail (Lair:3)
  6 orange demons
  3 gargoyles
  4 smoke demons (Abyss:2)
  A spiny frog (shapeshifter) (Vaults:3)
  11 spiny frogs
  18 demonic crawlers
  A kobold demonologist (Abyss:2)
  A yaktaur (shapeshifter) (Vaults:5)
  14 ice devils
  88 yaktaurs
  5 rime drakes
  A komodo dragon (shapeshifter) (Vaults:4)
  A tormentor (Hell)
  13 freezing wraiths
  8 komodo dragons
  2 ancient zymes (Abyss:2)
  3 red devils
  A jumping spider (shapeshifter) (Vaults:4)
  3 meliai (Spider:4)
  A shadow dragon simulacrum (Hell)
  11 trolls
  A hydra zombie (Hell)
  A polar bear (Lair:6)
  48 jumping spiders
  22 merfolk
  A tyrant leech (shapeshifter) (Vaults:4)
  21 hornets
  2 meliai (shapeshifter)
  Grinder (D:5)
  A wolf spider simulacrum (Hell)
  7 wind drakes
  A hornet (shapeshifter) (Depths:2)
  A hippogriff (shapeshifter) (Depths:5)
  17 hippogriffs
  A snapping turtle (shapeshifter) (Elf:2)
  8 dream sheep
  A snapping turtle (Shoals:4)
  27 blink frogs
  89 slime creatures
  A shadow (Abyss:3)
  A frost giant simulacrum (Hell)
  An alligator zombie (Hell)
  82 redbacks
  5 spriggans
  A redback (shapeshifter) (Depths:3)
  10 wraiths
  A centaur simulacrum (D:14)
  2 ettin skeletons
  3 air elementals
  11 wyverns
  52 yaks
  A vampire (Abyss:3)
  29 water elementals
  14 ynoxinuls
  A hog (shapeshifter) (Abyss:2)
  18 tarantellas
  A human (shapeshifter) (Depths:2)
  8 basilisks
  6 fire bats (Lair:5)
  3 chaos spawn
  7 golden eyes
  7 fire elementals
  A neqoxec (Pan)
  A yak (shapeshifter) (Depths:2)
  3 hungry ghosts
  11 vampire mosquitoes
  An insubstantial wisp (Abyss:3)
  2 spatial vortices (Elf:2)
  3 hydra simulacra (Hell)
  6 wargs
  13 water moccasins
  11 large abominations
  An acid dragon (Vaults:2)
  An acid dragon (shapeshifter) (Vaults:2)
  A naga (shapeshifter) (Vaults:3)
  A water moccasin (shapeshifter) (Vaults:3)
  2 spiny frog zombies (Hell)
  27 soldier ants
  13 hell hounds
  3 floating eyes
  3 porcupines
  2 black bears
  4 sky beasts
  An alligator simulacrum (Hell)
  6 ice beasts
  68 orc warriors
  43 ogres
  A black bear (shapeshifter) (Vaults:4)
  A black mamba simulacrum (Hell)
  4 eyes of draining
  A necrophage (D:13)
  19 starcursed masses
  A phantom (D:3)
  An ettin simulacrum (Vaults:2)
  3 boggarts (Vaults:1)
  20 wolves
  A human skeleton (Vaults:2)
  24 centaurs
  8 crocodiles
  A crocodile (shapeshifter) (Vaults:1)
  Blork the orc (D:6)
  3 big kobolds
  11 bullfrogs
  10 small abominations
  2 earth elementals (Elf:3)
  A spiny frog simulacrum (Hell)
  3 wyvern skeletons
  6 scorpions
  5 killer bees
  A killer bee (shapeshifter) (Vaults:5)
  An orc simulacrum (Vaults:1)
  3 howler monkeys (D:13)
  16 wights
  6 electric eels
  7 crimson imps
  3 lava snakes
  3 bullfrog zombies
  15 hounds
  3 quasits
  7 jellies
  A bullfrog skeleton (D:13)
  6 centaur skeletons
  37 orc priests
  3 iguanas
  33 orc wizards
  8 hell rats
  26 worker ants
  A tengu skeleton (Hell)
  3 hound skeletons
  A worker ant zombie (D:10)
  Robin (D:4)
  A gnoll (shapeshifter) (Depths:3)
  3 gnolls (Orc:2)
  An ogre simulacrum (Hell)
  21 adders
  A river rat (D:10)
  6 shadow imps
  7 white imps
  13 ufetubi
  2 oozes
  3 adder skeletons
  A worm (shapeshifter) (Depths:5)
  2 worms
  10 dart slugs
  5 leopard geckos
  181 orcs
  7 giant cockroaches
  13 goblins
  10 hobgoblins
  17 jackals
  4 quokkas
  5 bats
  10 frilled lizards
  A jackal zombie (D:6)
  23 kobolds
  A leopard gecko skeleton (D:8)
  A leopard gecko zombie (D:3)
  A quokka skeleton (D:4)
  A quokka zombie (D:6)
  9 rats
  17 fungi
  A lurking horror (Abyss:2)
  14 plants
  8 starspawn tentacles
2816 creatures vanquished.

Vanquished Creatures (collateral kills)
  An ancient lich (Vaults:5)
  A quicksilver dragon (Vaults:5)
  2 shadow dragons (Vaults:5)
  4 tengu reavers (Vaults:5)
  An azure jelly (Slime:5)
  A storm dragon (Vaults:5)
  An iron dragon (Vaults:5)
  A frost giant (Vaults:5)
  2 vault wardens (Vaults:5)
  An orc warlord (Vaults:5)
  A deep elf elementalist (Vaults:5)
  2 cacodemons (Pan)
  4 ironheart preservers (Vaults:5)
  A deep elf annihilator (Vaults:5)
  An ettin (Vaults:5)
  2 yaktaur captains (Vaults:5)
  4 vault guards (Vaults:5)
  A deep troll earth mage (Vaults:5)
  2 ironbrand convokers (Vaults:5)
  2 deep trolls (Vaults:5)
  A deep elf mage (Vaults:5)
  A phantasmal warrior (Vaults:5)
  A shining eye (Slime:5)
  2 vault sentinels (Vaults:5)
  An eye of devastation (Slime:5)
  2 orange demons (Pan)
  A red devil (Pan)
  3 slime creatures (Slime:5)
  An orc warrior (Vaults:5)
  An orc (Vaults:5)
49 creatures vanquished.

Vanquished Creatures (others)
  A golden dragon (Depths:4)
  3 titans (Vaults:5)
  An eldritch tentacle (Abyss:3)
  A shadow dragon (Vaults:5)
  A fire giant (Depths:3)
  2 tengu reavers (Vaults:5)
  A vault warden (Vaults:5)
  A deep elf sorcerer (Vaults:5)
  A deep elf elementalist (Vaults:5)
  3 ironheart preservers (Vaults:5)
  3 stone giants (Vaults:5)
  2 deep elf demonologists (Vaults:5)
  An ettin (Vaults:5)
  4 yaktaur captains (Vaults:5)
  A deep elf death mage (Vaults:5)
  10 vault guards (Vaults:5)
  13 dancing weapons
  A shadow wraith (Vaults:1)
  2 deep trolls (Vaults:5)
  A phantasmal warrior (Vaults:5)
  An orc knight (D:13)
  A deep elf archer (Vaults:5)
  2 ironbrand convokers (Vaults:5)
  A lindwurm (Elf:2)
  An orc sorcerer (Vaults:5)
  2 deep elf magi (Vaults:5)
  A large abomination (Abyss:2)
  A smoke demon (Abyss:2)
  2 vault sentinels (Vaults:5)
  3 orc warriors (Vaults:5)
  A jumping spider (Spider:2)
  A polar bear (Lair:6)
  A starcursed mass (Abyss:2)
  A yak (D:10)
  A basilisk (Lair:4)
  A fire elemental (Elf:2)
  A warg (Vaults:5)
  A porcupine (Lair:3)
  5 ogres
  A centaur (D:13)
  A bullfrog (D:8)
  A wyvern skeleton (D:10)
  An orc wizard (Orc:2)
  3 white imps
  2 ufetubi (IceCv)
  2 orcs (Vaults:5)
  A kobold (D:10)
  4 bushes (Depths:1)
  23 fungi
  20 plants
  4 spectral weapons (Pan)
  9 starspawn tentacles
153 creatures vanquished.

Grand Total: 3018 creatures vanquished

Notes
Turn   | Place    | Note
-------+----------+-------------------------------------------
     0 | D:1      | Lavandula the Merfolk Gladiator began the quest for the Orb.
     0 | D:1      | Reached XP level 1. HP: 16/16 MP: 1/1
   176 | D:1      | Reached XP level 2. HP: 16/22 MP: 2/2
   318 | D:1      | Reached skill level 5 in Polearms
   482 | D:1      | Reached XP level 3. HP: 26/28 MP: 3/3
  1075 | D:2      | Reached skill level 6 in Polearms
  1184 | D:2      | Reached XP level 4. HP: 11/34 MP: 4/4
  2280 | D:3      | Reached skill level 7 in Polearms
  2603 | D:3      | Found a basalt altar of Yredelemnul.
  2610 | D:3      | Reached XP level 5. HP: 33/39 MP: 5/5
  2731 | D:3      | Reached skill level 8 in Polearms
  3263 | D:3      | Reached skill level 9 in Polearms
  3263 | D:3      | Reached XP level 6. HP: 26/45 MP: 6/6
  3412 | D:4      | Found Qokhlenamp's Magic Scroll Shoppe.
  3898 | D:3      | Reached skill level 10 in Polearms
  3966 | D:4      | Bought a scroll of blinking for 105 gold pieces
  4093 | D:4      | Noticed a phantom
  4150 | D:3      | Reached XP level 7. HP: 40/51 MP: 7/7
  4467 | D:4      | Found a shattered altar of Ashenzari.
  4489 | D:4      | Noticed Robin
  4556 | D:4      | Killed Robin
  4607 | D:4      | Reached skill level 11 in Polearms
  4640 | D:4      | Found a sparkling altar of Nemelex Xobeh.
  4860 | D:3      | Reached skill level 5 in Dodging
  4978 | D:3      | Reached skill level 1 in Armour
  5134 | D:5      | Entered Level 5 of the Dungeon
  5397 | D:5      | Found a shimmering altar of Xom.
  5598 | D:5      | Noticed Grinder
  5611 | D:5      | Killed Grinder
  5611 | D:5      | Reached XP level 8. HP: 54/58 MP: 8/8
  5694 | D:5      | Got a crude robe
  5705 | D:5      | Identified the cursed +0 robe of Surprise {Dex+2} (You found it on level 5 of the Dungeon)
  6279 | D:6      | Found a staircase to the Ecumenical Temple.
  6372 | Temple   | Entered the Ecumenical Temple
  6388 | Temple   | Became a worshipper of Ru the Awakened
  6856 | D:6      | Reached skill level 1 in Evocations
  7787 | D:5      | Noticed a rime drake
  7787 | D:5      | an ogre changed into a rime drake
  7799 | D:5      | Killed a rime drake
  7935 | D:6      | Noticed Blork the orc
  7945 | D:6      | Killed Blork the orc
  7945 | D:6      | Reached skill level 5 in Evocations
  8143 | D:6      | Reached XP level 9. HP: 52/63 MP: 12/12
  8404 | D:6      | Reached skill level 12 in Polearms
  9050 | D:7      | Reached skill level 13 in Polearms
  9132 | D:7      | Found a blossoming altar of Fedhas.
  9134 | D:7      | Found an ancient bone altar of Kikubaaqudgha.
  9364 | D:7      | Gained mutation: Your cowardice makes you less effective in combat with threatening monsters. [Ru sacrifice]
  9364 | D:7      | Reached * piety under Ru
  9417 | D:8      | Found a white marble altar of Elyvilon.
  9498 | D:8      | Noticed Joseph
  9536 | D:8      | Noticed Joseph
  9536 | D:8      | Joseph changed into Joseph the ice beast
  9651 | D:8      | Killed Joseph the ice beast
  9784 | D:8      | Reached skill level 14 in Polearms
 10758 | D:8      | Noticed a two-headed ogre
 11358 | D:8      | Reached XP level 10. HP: 69/70 MP: 13/13
 11367 | D:8      | Noticed a two-headed ogre
 12436 | D:10     | Entered Level 10 of the Dungeon
 12537 | D:10     | Found a staircase to the Lair.
 12556 | D:10     | Reached skill level 5 in Armour
 13075 | D:10     | Got a steaming silver ring
 13076 | D:10     | Identified the ring "Kemnaten" {rN+ MR+ Dex+2 Stlth+} (You found it on level 10 of the Dungeon)
 13167 | D:10     | Gained mutation: Your system is resistant to poisons. (rPois) [mutagenic meat]
 13255 | D:10     | Found Jolyhyby's Jewellery Shop.
 14019 | D:10     | Gained mutation: You cannot study or use magical devices. [Ru sacrifice]
 14019 | D:10     | Reached ** piety under Ru
 14019 | D:10     | Reached *** piety under Ru
 14252 | D:11     | Noticed a gargoyle
 14406 | D:11     | Killed a gargoyle
 14415 | D:11     | Noticed a frost giant
 14415 | D:11     | Noticed a skeletal warrior
 14504 | D:10     | Killed a skeletal warrior
 14504 | D:10     | Reached skill level 15 in Polearms
 14512 | Lair:1   | Entered Level 1 of the Lair of Beasts
 14849 | Lair:1   | Reached skill level 16 in Polearms
 14849 | Lair:1   | Reached XP level 11. HP: 55/75 MP: 11/11
 15114 | Lair:1   | Got an ancient short sword
 15238 | Lair:1   | Identified the +1 short sword of Saltpetre {speed, +Inv} (You found it on level 1 of the Lair of Beasts)
 15738 | Lair:2   | Got a steaming glass ring
 15751 | Lair:2   | Noticed a seven-headed hydra
 15763 | Lair:2   | Reached skill level 5 in Fighting
 16278 | Lair:2   | Identified the ring "Raponig" {rPois Str+2 Int-2 Dex+2 SInv} (You found it on level 2 of the Lair of Beasts)
 17763 | Lair:3   | Gained mutation: You cannot train Armour skill. [Ru sacrifice]
 17763 | Lair:3   | Reached **** piety under Ru
 17763 | Lair:3   | Reached ***** piety under Ru
 17824 | Lair:3   | Noticed a four-headed hydra
 17839 | Lair:3   | Reached skill level 10 in Dodging
 17878 | Lair:3   | Killed a five-headed hydra
 18289 | Lair:3   | Reached XP level 12. HP: 85/92 MP: 12/12
 18867 | Lair:3   | Found a hole to the Spider Nest.
 19052 | Lair:4   | Found a staircase to the Shoals.
 19659 | Lair:4   | Reached skill level 15 in Dodging
 20210 | Lair:5   | Found a viscous altar of Jiyva.
 20211 | Lair:5   | Found a staircase to the Slime Pits.
 20266 | Lair:5   | Noticed a five-headed hydra
 20279 | Lair:5   | Killed a five-headed hydra
 21414 | Lair:5   | Reached XP level 13. HP: 98/98 MP: 13/13
 21681 | Lair:6   | Entered Level 6 of the Lair of Beasts
 23342 | Lair:6   | Reached skill level 5 in Throwing
 23607 | Lair:5   | Reached skill level 10 in Fighting
 23777 | Lair:6   | Reached skill level 1 in Stealth
 24253 | Lair:6   | Reached skill level 5 in Stealth
 25247 | Lair:6   | Reached XP level 14. HP: 88/110 MP: 11/14
 25505 | Lair:5   | Reached skill level 1 in Spellcasting
 27606 | D:9      | Found a glowing silver altar of Zin.
 28275 | D:11     | Gained mutation: You are dopey. (Int -2) [mutagenic meat]
 29920 | D:12     | Found a staircase to the Orcish Mines.
 30363 | D:13     | Noticed Sonja
 30612 | D:13     | Gained mutation: You occasionally shout uncontrollably at your foes. [Ru sacrifice]
 30736 | D:13     | Reached skill level 17 in Polearms
 30737 | D:13     | Reached XP level 15. HP: 119/124 MP: 17/17
 30737 | D:13     | Killed Sonja
 31030 | D:13     | Found a portal to a secret trove of treasure.
 31117 | D:13     | Gained mutation: Your spells are a little easier to cast, but a little less powerful. [mutagenic meat]
 31118 | D:13     | Gained mutation: Your flesh is cold resistant. (rC+) [mutagenic meat]
 31119 | D:13     | Gained mutation: You passively map a small area around you. [mutagenic meat]
 31120 | D:13     | Gained mutation: Armour fits poorly on your strangely shaped body. [mutagenic meat]
 31121 | D:13     | Gained mutation: Your body sometimes deteriorates upon taking damage. [mutagenic meat]
 31312 | D:13     | Reached skill level 18 in Polearms
 31330 | D:13     | Found Woczi's Jewellery Boutique.
 31340 | D:13     | Noticed Erolcha
 31349 | D:13     | Killed Erolcha
 31494 | D:14     | Found a labyrinth entrance.
 31509 | Lab      | Entered a labyrinth
 32251 | Lab      | Got an uncursed translucent short sword {flame}
 32269 | Lab      | Identified the Disquisition on Clay
 32273 | Lab      | Got a faintly glowing jade ring
 32302 | Lab      | Identified the ring "Laqem" {+Inv +Fly rC- MP+9 Int+5 Dex+3} (You found it in a labyrinth)
 32381 | D:14     | Found a roughly hewn altar of Beogh.
 32382 | D:14     | Reached skill level 1 in Bows
 32867 | D:14     | Identified the +3 short sword of Vugh {flame, rElec rN+ Int-4} (You took it off a minotaur in a labyrinth)
 33136 | D:13     | Gained mutation: You are clumsy. (Dex -2) [mutagenic meat]
 33138 | D:13     | Lost mutation: Armour fits poorly on your strangely shaped body. [mutagenic meat]
 33373 | D:14     | Found a gate to the Vaults.
 33506 | D:13     | Reached skill level 19 in Polearms
 33510 | D:13     | Gained mutation: You are frail. (-10% HP) [mutagenic meat]
 33511 | D:13     | Gained mutation: Scrolls take you a little longer to read. [mutagenic meat]
 33512 | D:13     | Gained mutation: You possess an exceptional clarity of mind. [mutagenic meat]
 33636 | D:14     | Found a glowing golden altar of the Shining One.
 34239 | D:15     | Entered Level 15 of the Dungeon
 34599 | D:15     | Found Arpho Zam's Jewellery Shop.
 34613 | D:15     | Gained mutation: You are somewhat unskilled. (-1 Apt) [Ru sacrifice]
 34613 | D:15     | Reduced skill Polearms to level 18
 34613 | D:15     | Reduced skill Dodging to level 15
 34613 | D:15     | Reached ****** piety under Ru
 34634 | D:15     | Bought the ring "Moaskoas" {Wiz rElec rF+++ Str-4} for 1059 gold pieces
 34874 | Temple   | Fell from the grace of Ru
 34874 | Temple   | Became a worshipper of Sif Muna the Loreminder
 34884 | Temple   | Learned a level 6 spell: Iron Shot
 35168 | D:15     | Noticed Nightblair's ghost (adept MfGl)
 35269 | D:14     | Noticed a sphinx
 35283 | D:14     | Killed a sphinx
 35484 | Orc:1    | Entered Level 1 of the Orcish Mines
 35484 | Orc:1    | Found Wasmil's Antique Weapon Shoppe.
 35484 | Orc:1    | Noticed Urug
 35498 | Orc:1    | Killed Urug
 35801 | Orc:1    | Noticed Snorg
 35965 | Orc:2    | Entered Level 2 of the Orcish Mines
 35984 | Orc:2    | Reached * piety under Sif Muna
 36069 | Orc:2    | Noticed DrakieV's ghost (journeyman HOBe)
 36163 | Lair:1   | Learned a level 4 spell: Fulminant Prism
 36177 | Lair:1   | Learned a level 6 spell: Bolt of Cold
 36605 | D:15     | Reached XP level 16. HP: 93/116 MP: 22/22
 36610 | D:15     | Found a staircase to the Depths.
 36778 | D:15     | Reached skill level 19 in Polearms
 37721 | Orc:2    | Killed DrakieV's ghost
 37904 | Orc:2    | Noticed Rupert
 38239 | Lair:2   | Got the ring of the Elephant {+Fly}
 38242 | Lair:2   | Got a fine silver ring
 38246 | Lair:2   | Identified the ring of the Elephant {+Fly rPois} (You found it on level 2 of the Lair of Beasts)
 38256 | Lair:2   | Identified the ring of Temperance {rC+ MR+ MP+9} (You found it on level 2 of the Lair of Beasts)
 38331 | Lair:1   | Learned a level 3 spell: Dazzling Spray
 38457 | Shoals:1 | Entered Level 1 of the Shoals
 38491 | Shoals:1 | Learned a level 2 spell: Passwall
 38504 | Shoals:1 | Reached skill level 1 in Conjurations
 38690 | Shoals:1 | Reached ** piety under Sif Muna
 38775 | Shoals:1 | Reached skill level 1 in Hexes
 39809 | Orc:2    | Paralysed by Rupert for 5 turns
 39817 | Orc:2    | Killed Rupert
 39972 | Orc:2    | Noticed Josephine
 39988 | Orc:2    | Killed Josephine
 40097 | Orc:2    | Reached *** piety under Sif Muna
 40097 | Orc:2    | Reached skill level 5 in Spellcasting
 40115 | Orc:2    | Learned a level 3 spell: Stone Arrow
 40159 | Orc:2    | Found Vuigun's General Store.
 40203 | Orc:2    | Bought a scroll of fear for 56 gold pieces
 40203 | Orc:2    | Bought a scroll of teleportation for 48 gold pieces
 40209 | Orc:2    | Found Jixiwk Zusa's Jewellery Boutique.
 40278 | Orc:2    | Found a roughly hewn altar of Beogh.
 40311 | Orc:2    | Paralysed by an orc sorcerer for 4 turns
 40879 | Orc:2    | Noticed Saint Roka
 40879 | Orc:2    | Reached **** piety under Sif Muna
 40995 | Orc:2    | Paralysed by an orc sorcerer for 4 turns
 41093 | Orc:2    | Killed Saint Roka
 42153 | Temple   | Fell from the grace of Sif Muna
 42153 | Temple   | Became a worshipper of Gozag Ym Sagoz the Greedy
 42612 | Orc:2    | Reached XP level 17. HP: 82/121 MP: 28/28
 43172 | Orc:2    | Found a staircase to the Elven Halls.
 43261 | Orc:2    | Reached skill level 20 in Polearms
 43424 | Orc:2    | Found a roughly hewn altar of Beogh.
 43581 | Orc:2    | Found Guriyts's Distillery.
 43697 | Orc:2    | Found Toffam's Jewellery Shoppe.
 43761 | Orc:2    | Bought a potion of heal wounds for 70 gold pieces
 43761 | Orc:2    | Bought a potion of heal wounds for 70 gold pieces
 43818 | Elf:1    | Entered Level 1 of the Elven Halls
 43994 | Lair:1   | Learned a level 1 spell: Apportation
 44099 | Spider:1 | Entered Level 1 of the Spider Nest
 46412 | Spider:2 | Reached skill level 15 in Fighting
 46510 | Spider:2 | Noticed Arachne
 46924 | D:4      | Bought a scroll of enchant weapon for 105 gold pieces
 46924 | D:4      | Bought a scroll of enchant weapon for 105 gold pieces
 49152 | Shoals:2 | Reached XP level 18. HP: 130/135 MP: 29/29
 49379 | Shoals:3 | Found Tusum's Weapon Shop.
 49863 | Shoals:3 | Found Josuofoz's Jewellery Boutique.
 50792 | Shoals:4 | Entered Level 4 of the Shoals
 51073 | Shoals:4 | Identified the Guide on Hexes
 51286 | Shoals:4 | Got a barnacled rune of Zot
 51794 | Spider:2 | Killed Arachne
 54454 | Spider:4 | Entered Level 4 of the Spider Nest
 54602 | Spider:4 | Found a frozen archway.
 54633 | IceCv    | Entered an ice cave
 54863 | IceCv    | Reached XP level 19. HP: 132/143 MP: 30/30
 54883 | IceCv    | Was forgiven by Sif Muna
 55026 | IceCv    | Noticed an Ice Fiend
 55026 | IceCv    | Noticed an Ice Fiend
 55191 | IceCv    | Killed an Ice Fiend
 56853 | Spider:4 | Reached skill level 21 in Polearms
 57355 | Spider:4 | Got a gossamer rune of Zot
 57688 | Lair:1   | Bought a book of Necromancy for 450 gold pieces
 57692 | Lair:1   | Learned a level 3 spell: Regeneration
 57697 | Lair:1   | Learned a level 4 spell: Control Undead
 57704 | Lair:1   | Lost mutation: Your system is resistant to poisons. (rPois) [potion of mutation]
 57704 | Lair:1   | Lost mutation: You are dopey. (Int -2) [potion of mutation]
 57704 | Lair:1   | Lost mutation: Your spells are a little easier to cast, but a little less powerful. [potion of mutation]
 57704 | Lair:1   | Gained mutation: You have sharp fingernails. [potion of mutation]
 57704 | Lair:1   | Gained mutation: You have a somewhat thin skeletal structure. (Dex +2, Stealth) [potion of mutation]
 57705 | Lair:1   | Lost mutation: You are clumsy. (Dex -2) [potion of mutation]
 57705 | Lair:1   | Lost mutation: You are frail. (-10% HP) [potion of mutation]
 57705 | Lair:1   | Lost mutation: Scrolls take you a little longer to read. [potion of mutation]
 57705 | Lair:1   | Lost mutation: You possess an exceptional clarity of mind. [potion of mutation]
 57705 | Lair:1   | Lost mutation: You passively map a small area around you. [potion of mutation]
 57705 | Lair:1   | Lost mutation: Your body sometimes deteriorates upon taking damage. [potion of mutation]
 57705 | Lair:1   | Gained mutation: You are partially covered in yellow scales. (AC +2) [potion of mutation]
 57705 | Lair:1   | Gained mutation: You evolve. [potion of mutation]
 57910 | Elf:1    | Reached skill level 1 in Necromancy
 57970 | Elf:1    | Found Tificw's Book Shoppe.
 57993 | Elf:1    | Bought a book of Alchemy for 1125 gold pieces
 58185 | Elf:1    | Gained mutation: Your body sometimes deteriorates upon taking damage. [evolution]
 59319 | Elf:2    | Noticed a bone dragon
 59428 | Elf:2    | Reached XP level 20. HP: 156/166 MP: 33/33
 59589 | Elf:2    | Cast into level 3 of the Abyss (eldritch tentacle)
 59600 | Abyss:3  | Learned a level 5 spell: Irradiate
 59601 | Abyss:3  | Found a corrupted altar of Lugonu.
 59649 | Abyss:3  | Found a corrupted altar of Lugonu.
 59657 | Elf:2    | Escaped the Abyss
 59720 | Elf:2    | Identified Piolufach's Tome of the Voyage
 59750 | Elf:2    | Reached skill level 10 in Spellcasting
 59757 | Elf:2    | Learned a level 2 spell: Blink
 59859 | Elf:2    | Noticed Nikola
 59894 | Elf:2    | Killed Nikola
 59894 | Elf:2    | Reached skill level 1 in Translocations
 60106 | Elf:2    | Reached skill level 1 in Charms
 60125 | Elf:2    | Found a runed gate.
 60125 | Elf:2    | Found a runed gate.
 60126 | Elf:2    | Found a runed gate.
 60164 | Elf:2    | Found Talyil's Jewellery Shoppe.
 60441 | Elf:2    | Identified the Papyrus of Egomania
 60521 | Elf:3    | Entered Level 3 of the Elven Halls
 60626 | Elf:3    | Reached skill level 22 in Polearms
 60657 | Elf:3    | Found Viynt's Antique Armour Boutique.
 60690 | Elf:3    | Bought a runed cloak for 270 gold pieces
 60829 | Elf:3    | Found Owaesm's General Store.
 61363 | Vaults:1 | Entered Level 1 of the Vaults
 61500 | Vaults:1 | Noticed Donald
 61528 | Vaults:1 | Killed Donald
 61874 | D:15     | Bought the amulet "Meuzokk" {Spirit rF+ MR+} for 744 gold pieces
 62526 | Vaults:1 | Reached skill level 23 in Polearms
 63691 | Vaults:1 | Reached skill level 24 in Polearms
 63736 | Vaults:1 | Lost mutation: Your body sometimes deteriorates upon taking damage. [evolution]
 64554 | Vaults:2 | Reached XP level 21. HP: 172/172 MP: 35/35
 64893 | Vaults:2 | Reached skill level 25 in Polearms
 65748 | Vaults:2 | Reached skill level 26 in Polearms
 66163 | Vaults:2 | Found Bink's Antique Weapon Shoppe.
 66263 | Vaults:3 | Found a staircase to the Crypt.
 66263 | Vaults:3 | Found an ancient bone altar of Kikubaaqudgha.
 66264 | Vaults:3 | Found a basalt altar of Yredelemnul.
 66431 | Vaults:3 | Noticed Boris
 66442 | Vaults:3 | Killed Boris
 66556 | Vaults:3 | Reached skill level 5 in Necromancy
 66994 | Vaults:3 | Found a burning altar of Makhleb.
 67203 | Vaults:3 | Reached XP level 22. HP: 157/180 MP: 28/36
 67225 | Vaults:3 | Noticed Xtahua
 67253 | Vaults:3 | Killed Xtahua
 67416 | Vaults:3 | Noticed Frederick
 67461 | Vaults:3 | Killed Frederick
 67598 | Vaults:3 | Gained mutation: You are partially covered in iridescent scales. (AC +2) [evolution]
 67817 | Vaults:3 | Noticed Margery
 67840 | Vaults:3 | Killed Margery
 70743 | Elf:3    | Reached XP level 23. HP: 196/196 MP: 37/37
 70823 | Elf:3    | Reached skill level 1 in Transmutations
 71068 | Elf:3    | Reached skill level 5 in Transmutations
 71520 | Elf:3    | Learned a level 3 spell: Mephitic Cloud
 71525 | Elf:3    | Identified Sif Muna's Compendium of Displacement and Curses
 71857 | Lair:1   | Learned a level 6 spell: Deflect Missiles
 71999 | D:4      | Bought a scroll of blinking for 105 gold pieces
 71999 | D:4      | Bought a scroll of blinking for 105 gold pieces
 72288 | Depths:1 | Entered Level 1 of the Depths
 72293 | Depths:1 | Gained mutation: Scrolls take you a little longer to read. [evolution]
 72511 | Depths:1 | Found a corrupted altar of Lugonu.
 72511 | Depths:1 | Found a one-way gate to the infinite horrors of the Abyss.
 72539 | Depths:1 | Noticed sreda's ghost (adept MiFi)
 72566 | Depths:1 | Killed sreda's ghost
 72688 | Depths:1 | Found a gateway to Hell.
 72730 | Depths:1 | Reached skill level 10 in Transmutations
 72788 | Depths:1 | Found a runed door.
 72923 | Depths:1 | Found a one-way gate leading to the halls of Pandemonium.
 73453 | Depths:2 | Reached skill level 1 in Air Magic
 73498 | Depths:2 | Found a runed gate.
 73498 | Depths:2 | Found a runed gate.
 73498 | Depths:2 | Found a runed gate.
 73880 | Depths:2 | Reached skill level 5 in Air Magic
 74198 | Depths:2 | Reached skill level 5 in Charms
 74300 | Depths:2 | Reached XP level 24. HP: 172/203 MP: 37/37
 74535 | Depths:2 | Found a runed gate.
 74535 | Depths:2 | Found a runed gate.
 74535 | Depths:2 | Found a runed gate.
 75219 | Depths:3 | Bought a scroll of enchant weapon for 120 gold pieces
 75315 | Depths:3 | Reached skill level 10 in Charms
 76627 | Depths:2 | Got a brightly glowing golden amulet
 77365 | Depths:3 | Reached XP level 25. HP: 216/216 MP: 37/37
 77960 | Depths:4 | Found a gateway to a ziggurat.
 78075 | Depths:3 | Reached skill level 5 in Conjurations
 78157 | Depths:3 | Bought a pair of glowing boots for 292 gold pieces
 78157 | Depths:3 | Bought a pair of glowing gloves for 292 gold pieces
 79043 | Depths:4 | Voluntarily entered the Abyss.
 79043 | Abyss:1  | Found a viscous altar of Jiyva.
 79744 | Abyss:2  | Identified a scroll of acquirement
 79749 | Abyss:2  | Identified the amulet of Gink {+Rage rC+} (You took it off a frost giant on level 2 of the Depths)
 79991 | Abyss:2  | Found a corrupted altar of Lugonu.
 80195 | Abyss:3  | Found a corrupted altar of Lugonu.
 80249 | Abyss:3  | Found a corrupted altar of Lugonu.
 80305 | Abyss:3  | Found a corrupted altar of Lugonu.
 80472 | Abyss:3  | Got an abyssal rune of Zot
 80559 | Abyss:4  | Found a corrupted altar of Lugonu.
 80571 | Depths:4 | Escaped the Abyss
 80586 | Depths:5 | Entered Level 5 of the Depths
 80674 | Depths:5 | Noticed a juggernaut
 80689 | Depths:5 | Killed a juggernaut
 80791 | Depths:5 | Noticed the Enchantress
 80843 | Depths:5 | Killed the Enchantress
 80843 | Depths:5 | Reached XP level 26. HP: 192/226 MP: 35/37
 80882 | Depths:5 | Got faerie dragon scales
 80901 | Depths:5 | Identified the +1 faerie dragon scales {rCorr Dex+4} (You took it off the Enchantress on level 5 of the Depths)
 80978 | Depths:5 | Gained mutation: Your muscles are strong. (Str +2) [evolution]
 81042 | Depths:5 | Found a hazy altar of Hepliaklqana.
 81043 | Depths:5 | Found a hazy altar of Hepliaklqana.
 81043 | Depths:5 | Found a burning altar of Makhleb.
 81130 | Depths:5 | Gained mutation: You are frail. (-10% HP) [a shining eye]
 81162 | Depths:5 | Reached skill level 1 in Earth Magic
 81382 | Depths:5 | Found a gate to the Realm of Zot.
 81588 | Depths:5 | Reached skill level 5 in Earth Magic
 81816 | Depths:5 | Noticed a juggernaut
 81846 | Depths:5 | Killed a juggernaut
 82123 | Depths:5 | Noticed a juggernaut
 82185 | Depths:5 | Killed a juggernaut
 82405 | Depths:5 | Got a polished spear
 82410 | Depths:5 | Identified the cursed +0 spear "Xeacsaf" {drain, rPois MP-9 Str+4 Int+2} (You found it on level 5 of the Depths)
 82423 | Depths:5 | Got an ichor-stained helmet
 82426 | Depths:5 | Identified the +1 helmet of Yblylop {*Contam +Inv rElec rPois} (You found it on level 5 of the Depths)
 83141 | Lair:1   | Learned a level 6 spell: Statue Form
 83144 | Lair:1   | Bought a pair of glowing gloves for 187 gold pieces
 83342 | Vaults:1 | Reached XP level 27. HP: 208/208 MP: 37/37
 83424 | Vaults:5 | Entered Level 5 of the Vaults
 83586 | Vaults:5 | Found Suorr's Antique Weapon Emporium.
 83595 | Vaults:5 | Noticed an ancient lich
 83601 | Vaults:5 | Noticed Mara
 83608 | Vaults:5 | Noticed Lavandula's illusion
 83971 | Vaults:5 | Killed an ancient lich
 84853 | Vaults:5 | Got a silver rune of Zot
 84865 | Vaults:5 | Got a bound lead ring
 84872 | Vaults:5 | Identified the Handbook of Noxious Creation
 84877 | Vaults:5 | Identified the ring of Ankuxeh {+Fly rPois Str-4 Int-3 Dex+8} (You found it on level 5 of the Vaults)
 85513 | Elf:1    | Bought a book of Party Tricks for 750 gold pieces
 85513 | Elf:1    | Bought a book of the Sky for 975 gold pieces
 85518 | Elf:1    | Learned a level 4 spell: Summon Lightning Spire
 85520 | Elf:1    | Learned a level 1 spell: Summon Butterflies
 85791 | Slime:1  | Entered Level 1 of the Pits of Slime
 85799 | Slime:1  | Reached skill level 1 in Summonings
 85889 | Slime:3  | Gained mutation: Scrolls take you longer to read. [a shining eye]
 86019 | Slime:3  | Gained mutation: You are clumsy. (Dex -2) [evolution]
 86151 | Slime:4  | Reached skill level 5 in Summonings
 86194 | Slime:5  | Entered Level 5 of the Pits of Slime
 86259 | Slime:5  | Noticed the Royal Jelly
 86691 | Slime:5  | Noticed Dissolution
 86960 | Slime:5  | Found a viscous altar of Jiyva.
 86987 | Slime:5  | Killed the Royal Jelly
 87247 | Slime:5  | Identified Hoiruvug's Collected Works on Weightlessness and Stolen Souls
 87282 | Slime:5  | Got a slimy rune of Zot
 87708 | Hell     | Entered the Vestibule of Hell
 87708 | Hell     | Noticed Geryon
 87801 | Hell     | Reached skill level 10 in Summonings
 87923 | Hell     | Killed Geryon
 88066 | D:13     | You paid a toll of the horn of Geryon to enter a treasure trove
 88067 | Trove    | Entered a treasure trove
 88077 | Trove    | Identified the Guide on Conjuration and the Voyage
 88095 | Trove    | Identified the Handbook of Evil Earth
 88107 | Trove    | Identified Sif Muna's Reference Book on Changing and Talismans
 88113 | Trove    | Learned a level 3 spell: Spectral Weapon
 88271 | Hell     | Learned a level 2 spell: Swiftness
 88331 | Hell     | Found a gateway to the Iron City of Dis.
 88453 | Hell     | Found a gateway to the freezing wastes of Cocytus.
 88892 | Hell     | Found a gateway to the decaying netherworld of Tartarus.
 89369 | Hell     | Bought a potion of might for 84 gold pieces
 89433 | Pan      | Entered Pandemonium
 90017 | Pan      | Noticed Kagipham the pandemonium lord
 90033 | Pan      | Reached skill level 10 in Conjurations
 90215 | Pan      | Gained mutation: You are very frail. (-20% HP) [a cacodemon]
 90242 | Pan      | Found an exit through the horrors of the Abyss.
 90258 | Pan      | Took an exit into the Abyss.
 90258 | Abyss:1  | Escaped into the Abyss
 90270 | Depths:1 | Escaped the Abyss
 90954 | Hell     | Learned a level 7 spell: Summon Hydra
 91086 | Pan      | Entered Pandemonium
 91136 | Pan      | Lost mutation: Scrolls take you longer to read. [evolution]
 91400 | Pan      | Found an exit through the horrors of the Abyss.
 91428 | Pan      | Found an exit through the horrors of the Abyss.
 91546 | Pan      | Gained mutation: You are occasionally teleported next to monsters. [a cacodemon]
 91573 | Pan      | Gained mutation: You are extremely frail. (-30% HP) [a cacodemon]
 91655 | Pan      | Noticed Tinitis the pandemonium lord
 91698 | Pan      | HP: 7/210 [infernal warmonger/glaive of chopping (31)]
 91698 | Pan      | Slain by an infernal warmonger

Skill      XL: |  1  2  3  4  5  6  7  8  9 10 11 12 13 14 15 16 17 18 19 20 21 22 23 24 25 26 27 |
---------------+----------------------------------------------------------------------------------+-----
Polearms       | 5 6 7 9 10 11 14 16 17 18 19 20 21 24 26 | 26.0
Dodging        | 6 7 8 12 16 17 15 16 19 20 21 | 21.3
Armour         | 1 3 6 0 |  0.0
Fighting       | 3 8 10 13 12 15 16 19 21 22 | 22.3
Evocations     | 5 0 |  0.0
Throwing       | 5 4 |  4.9
Stealth        | 8 9 8 |  8.9
Spellcasting   | 1 4 7 9 10 14 | 14.0
Bows           | 2 |  2.7
Conjurations   | 2 3 8 10 | 10.8
Hexes          | 4 |  4.8
Necromancy     | 1 6 |  6.8
Translocations | 2 |  2.1
Charms         | 3 5 10 | 10.0
Transmutations | 10 14 | 14.8
Air Magic      | 5 7 |  7.8
Earth Magic    | 7 8 |  8.7
Summonings     | 10 | 10.8

Action                   |  1- 3 |  4- 6 |  7- 9 | 10-12 | 13-15 | 16-18 | 19-21 | 22-24 | 25-27 || total
-------------------------+-------+-------+-------+-------+-------+-------+-------+-------+-------++-------
Melee: Trident           |   114 |   236 |   599 |   301 |    35 |       |    10 |       |       ||  1295
       Tailslap          |       |     7 |     1 |    26 |    23 |    31 |    23 |    35 |    13 ||   159
       Spear             |       |       |    41 |       |       |     7 |       |       |       ||    48
       Halberd           |       |       |       |   739 |  1486 |       |       |       |       ||  2225
       Glaive            |       |       |       |       |   357 |  2609 |   714 |   603 |   253 ||  4536
       Bardiche          |       |       |       |       |       |       |  1679 |  1602 |  2615 ||  5896
 Fire: Longbow           |       |       |       |       |     4 |       |       |       |       ||     4
Throw: Throwing net      |     3 |       |       |       |     2 |     3 |       |       |       ||     8
       Tomahawk          |       |       |     3 |     3 |     1 |       |       |       |       ||     7
       Javelin           |       |       |       |       |       |    42 |    80 |    18 |     4 ||   144
 Cast: Dazzling Spray    |       |       |       |       |       |     2 |     6 |       |     3 ||    11
       Apportation       |       |       |       |       |       |     4 |    22 |       |   107 ||   133
       Regeneration      |       |       |       |       |       |       |    36 |   101 |   127 ||   264
       Blink             |       |       |       |       |       |       |     1 |     5 |    33 ||    39
       Deflect Missiles  |       |       |       |       |       |       |       |     3 |    25 ||    28
       Mephitic Cloud    |       |       |       |       |       |       |       |     3 |     7 ||    10
       Irradiate         |       |       |       |       |       |       |       |       |     4 ||     4
       Summon Lightning  |       |       |       |       |       |       |       |       |    32 ||    32
       Statue Form       |       |       |       |       |       |       |       |       |    20 ||    20
       Spectral Weapon   |       |       |       |       |       |       |       |       |     7 ||     7
       Summon Hydra      |       |       |       |       |       |       |       |       |     6 ||     6
       Iron Shot         |       |       |       |       |       |       |       |       |     3 ||     3
       Summon Butterflie |       |       |       |       |       |       |       |       |     2 ||     2
       Swiftness         |       |       |       |       |       |       |       |       |     1 ||     1
Invok: Sacrifice Courage |       |       |     1 |       |       |       |       |       |       ||     1
       Sacrifice Artific |       |       |       |     1 |       |       |       |       |       ||     1
       Apocalypse        |       |       |       |     5 |    19 |       |       |       |       ||    24
       Draw Out Power    |       |       |       |     2 |     1 |       |       |       |       ||     3
       Sacrifice Durabil |       |       |       |     1 |       |       |       |       |       ||     1
       Reject Sacrifices |       |       |       |     1 |       |       |       |       |       ||     1
       Sacrifice Purity  |       |       |       |       |     1 |       |       |       |       ||     1
       Sacrifice Skill   |       |       |       |       |     1 |       |       |       |       ||     1
       Call Merchant     |       |       |       |       |       |     2 |     1 |     3 |     3 ||     9
       Potion Petition   |       |       |       |       |       |     1 |     1 |       |       ||     2
       Bribe Branch      |       |       |       |       |       |       |       |       |     2 ||     2
 Abil: End Transformatio |       |       |       |       |       |       |       |       |     7 ||     7
Evoke: Wand              |       |       |    16 |     6 |       |       |       |       |       ||    22
  Use: Scroll            |       |       |     8 |    10 |    19 |    20 |     8 |    12 |    32 ||   109
       Potion            |       |       |     3 |       |     1 |    10 |     6 |     2 |     7 ||    29
 Stab: Sleeping          |       |     4 |       |     8 |    26 |    24 |    23 |    12 |     5 ||   102
       Distracted        |       |       |     2 |    11 |    26 |    35 |    45 |    39 |    65 ||   223
       Confused          |       |       |    11 |     2 |       |       |       |     3 |     8 ||    24
       Invisible         |       |       |       |    12 |    13 |     6 |       |       |     1 ||    32
       Paralysed         |       |       |       |     4 |    29 |       |       |       |       ||    33
       Petrified         |       |       |       |       |     4 |       |       |       |       ||     4
       Petrifying        |       |       |       |       |     1 |       |       |       |       ||     1
       Held in net/web   |       |       |       |       |       |       |     1 |       |       ||     1
  Eat: Chunk             |     1 |     9 |    16 |    33 |    45 |    19 |       |       |     1 ||   124
       Royal jelly       |       |       |     1 |       |       |     1 |     4 |     3 |     3 ||    12
       Meat ration       |       |       |     1 |       |     3 |     2 |     3 |     4 |    10 ||    23
       Bread ration      |       |       |       |       |     1 |     6 |     5 |     4 |     6 ||    22
       Fruit             |       |       |       |       |     1 |     8 |     1 |       |     1 ||    11
Armor: Leather armour    |    23 |    25 |    13 |       |       |       |       |       |       ||    61
       Ring mail         |       |       |    46 |    92 |       |       |       |       |       ||   138
       Skin              |       |       |     9 |       |       |       |       |       |   273 ||   282
       Robe              |       |       |     7 |     1 |    19 |       |       |       |       ||    27
       Troll leather arm |       |       |       |       |   156 |   351 |   281 |   246 |   315 ||  1349
Dodge: Dodged            |    77 |   103 |   255 |   564 |  1506 |  2226 |  1658 |  1585 |  3105 || 11079
       Deflected         |       |       |       |       |       |       |       |    15 |   107 ||   122
Block: Other             |       |       |       |       |       |   422 |   211 |       |       ||   633
       Reflection        |       |       |       |       |       |    14 |    17 |       |       ||    31
